 Dungeon Sprint DCSS version 0.30-a0-852-g08b95dd62f (webtiles) character file.

Game seed: 9477435369070973942

7 dialectric the Covert (level 1, -7/11 HPs)
             Began as a Spriggan Brigand on Mar 5, 2023.
             Mangled by a neqoxec (10 damage)
             ... in the Dungeon (Sprint II: "The Violet Keep of Menkaure").
             The game lasted 00:00:14 (40 turns).

dialectric the Covert (Spriggan Brigand)              Turns: 40, Time: 00:00:16

Health: -7/11      AC:  3    Str:  7    XL:     1   Next: 83%
Magic:  2/2        EV: 16    Int: 12    God:
Gold:   243        SH:  0    Dex: 16    Spells: 0/0 levels left

rFire   . . .      SeeInvis +    a - +2 dagger
rCold   x . .      Faith    .    (no shield)
rNeg    . . .      Spirit   .    b - +0 robe
rPois   .          Reflect  .    (helmet restricted)
rElec   .          Rampage  .    c - +0 cloak
rCorr   .          NoTele   +    (gloves unavailable)
Will    .....                    (boots unavailable)
Stlth   ++++                     (no amulet)
HPRegen 0.21/turn                (no ring)
MPRegen 0.08/turn                (no ring)

@: on berserk cooldown, slowed, quick
A: very small, no large weapons, unfitting armour, see invisible, speed 3, cold
vulnerability 1
a: no special abilities


You were in the Dungeon.
You visited 1 branch You collected 243 gold pieces.

Inventory:

Hand Weapons
 a - a +2 dagger (weapon)
Missiles
 d - 6 poisoned darts (quivered)
 e - 3 curare-tipped darts
Armour
 b - a +0 robe (worn)
 c - a +0 cloak (worn)
Scrolls
 k - a scroll of blinking
Potions
 g - a potion of heal wounds
 h - a potion of haste
 i - 2 potions of magic


   Skills:
 + Level 1.7 Fighting
 + Level 2.4 Short Blades
 + Level 2.1 Throwing
 + Level 1.4 Dodging
 * Level 8.0 Stealth


You couldn't memorise any spells.
You didn't know any spells.
Your spell library was empty.

Dungeon Overview and Level Annotations

Branches:
Dungeon (1/1)

Altars:


Innate Abilities, Weirdness & Mutations

You are very small and have problems with some larger weapons.
You are too small for most types of armour.
You have supernaturally acute eyesight. (SInv)
You cover ground extremely quickly. (Speed+++)
You are vulnerable to cold. (rC-)


Message History

Something tries to feed on your intellect!
You hear a shout!
Throw: 9 darts (poison)
Press: ? - help, Q - select action, (/) - cycle Shift-Dir - straight line, f - neqoxec
Aim: a neqoxec (53% to hit)
You throw a poisoned dart.
The poisoned dart closely misses the neqoxec.
Throw: 8 darts (poison)
Press: ? - help, Q - select action, (/) - cycle Shift-Dir - straight line, f/p - neqoxec
Aim: a neqoxec (53% to hit)
You throw a poisoned dart. The poisoned dart hits the neqoxec.
The neqoxec barely misses you.
Throw: 7 darts (poison)
Press: ? - help, Q - select action, (/) - cycle Shift-Dir - straight line, f/p - neqoxec
Aim: a neqoxec (53% to hit)
You throw a poisoned dart.
The poisoned dart barely misses the neqoxec.
The neqoxec gestures at you.
Something tries to feed on your intellect!
You barely miss the neqoxec.
The neqoxec hits you but does no damage.
The neqoxec hits you.
You closely miss the neqoxec. The neqoxec closely misses you.
You hit the neqoxec.
The neqoxec is lightly wounded.
The neqoxec hits you.
You barely miss the neqoxec.
The neqoxec is lightly wounded.
The neqoxec misses you. The neqoxec hits you.
* * * LOW HITPOINT WARNING * * *
You barely miss the neqoxec.
The neqoxec is lightly wounded.
The neqoxec gestures at you.
Strange energies course through your body.
You feel vulnerable to cold.
You hit the neqoxec but do no damage.
The neqoxec is lightly wounded.
The neqoxec hits you!
Ouch! That really hurt!
You die...

# #+# (#
####.##.#
+##††.<@3#
#...##.###
##.###+#
###


You could see a neqoxec.

Vanquished Creatures
  2 worms (D)
2 creatures vanquished.

Notes
Turn   | Place    | Note
-------+----------+-------------------------------------------
     0 | D        | dialectric the Spriggan Brigand began the quest for the
                  | Orb.
     0 | D        | Reached XP level 1. HP: 10/10 MP: 2/2
    12 | D        | Reached skill level 7 in Stealth
    16 | D        | Reached skill level 8 in Stealth
    31 | D        | Noticed a neqoxec
    39 | D        | Gained mutation: You are vulnerable to cold. (rC-) [a
                  | neqoxec]
    40 | D        | Mangled by a neqoxec

Illustrated notes

Levels and vault maps discovered:
D:        the_violet_keep_of_menkaure [sprint2_stairs_cluster_1,
          sprint2_shoproom, sprint2_temple, sprint2_basic_supplies,
          sprint2_obstacle_1, sprint2_obstacle_6, sprint2_obstacle_3,
          sprint2_obstacle_5, sprint2_obstacle_7, sprint2_timed_cluster_1,
          sprint2_smallroom_cluster_1, sprint2_smallroom_final_cluster_1,
          sprint2_transparent_cluster_1, sprint2_second_timed_cluster_1,
          sprint2_sniper_area_1, sprint2_heavy_combat_area_1,
          sprint2_mutation_trap_area_1, sprint2_forest_area_1,
          sprint2_light_combat_area_1, sprint2_behind_water_1,
          sprint2_near_end_vault_1]

Skill      XL: |  1 |
---------------+----+-----
Stealth        | 8 |  8.0
Fighting       | |  1.7
Short Blades   | |  2.4
Throwing       | |  2.1
Dodging        | |  1.4

Action                     || total
---------------------------++-------
  Melee: Dagger            ||    15
  Throw: Dart              ||     3
    Use: Potion            ||     2
 Armour: Robe              ||     1
  Dodge: Dodged            ||     4

Table legend: (Time is in decaauts)
 A = Elapsed time spent in this place.
 B = Non-inter-level travel time spent in this place.
 C = Inter-level travel time spent in this place.
 D = Time resting spent in this place.
 E = Time spent auto-exploring this place.
 F = Levels seen in this place.
 G = Mean time per level.
                   A        B        C        D        E       F      G
               +--------+--------+--------+--------+--------+-----+--------+
         Total |     38 |     38 |      0 |      7 |      0 |   1 |   38.0 |
       Dungeon |     38 |     38 |      0 |      7 |      0 |   1 |   38.0 |
               +--------+--------+--------+--------+--------+-----+--------+

Top non-repeatable levels by time:
       D: 38 daAuts
